 Dungeon Crawl Stone Soup version 0.28-a0-834-g1a73be5ee4 (webtiles) character file.

Game seed: 15655201331647666786

7 flotson the Sneak (level 1, 0/18 HPs)
             Began as a Demonspawn Delver on Nov 12, 2021.
             Slain by a bat (1 damage)
             ... on level 1 of the Dungeon.
             The game lasted 00:02:03 (243 turns).

flotson the Sneak (Demonspawn Delver)                Turns: 243, Time: 00:02:04

Health: 0/18       AC:  3    Str: 12    XL:     1   Next: 91%
Magic:  1/1        EV: 12    Int: 11    God:
Gold:   0          SH:  0    Dex: 14    Spells: 0/0 levels left

rFire   . . .      SeeInvis .   a - +0 hand axe
rCold   . . .      Faith    .   (no shield)
rNeg    + . .      Spirit   .   b - +0 leather armour
rPois   .          Reflect  .   (no helmet)
rElec   .          Harm     .   d - scarf {repulsion}
rCorr   .          Rampage  .   (no gloves)
Will    .....                   (no boots)
Stlth   ++........              (no amulet)
HPRegen 0.06/turn               h - ring of positive energy
MPRegen 0.07/turn               (no ring)

@: mighty, repel missiles
A: no striking features
a: no special abilities


You were on level 1 of the Dungeon.
You visited 1 branch of the dungeon, and saw 5 of its levels.

Inventory:

Hand Weapons
 a - a +0 hand axe (weapon)
Armour
 b - a +0 leather armour (worn)
 d - a scarf of repulsion (worn)
 e - a +0 scale mail
Jewellery
 h - a ring of positive energy (left hand)
Wands
 g - a wand of digging (2)
 j - a wand of flame (4)
Scrolls
 c - a scroll of fog


   Skills:
 + Level 3.1 Fighting
 - Level 1.7 Axes
 + Level 0.6 Armour
 + Level 2.0 Dodging
 - Level 4.5 Stealth


You couldn't memorise any spells.
You didn't know any spells.
Your spell library was empty.

Dungeon Overview and Level Annotations

Branches:
Dungeon (5/15)
 Temple: D:4-7

Altars:

Shops:
D:5 [


Message History

You feel very mighty all of a sudden. The bat closely misses you.
The bat hits you but does no damage.
You barely miss the bat. The bat hits you but does no damage.
The bat closely misses you.
The goblin shouts!
You slash the bat!
You kill the bat!
You hear a shout!
Your Dodging skill increases to level 2!
You slash the ball python!
You kill the ball python!
Found 12 gold pieces and a scroll labelled ATYMERAUDU.
The goblin shouts!
A giant cockroach and a kobold come into view.
Found a book of Flames.
A hobgoblin comes into view.
The hobgoblin shouts!
The hobgoblin hits you.
* * * LOW HITPOINT WARNING * * *
You slash the goblin!
You kill the goblin!
You completely miss the rat. The rat misses you.
A bat comes into view.
An endoplasm comes into view.
The bat hits you but does no damage. x2
The bat hits you.
* * * LOW HITPOINT WARNING * * *
The bat completely misses you.
The rat twitches its whiskers.
The bat hits you but does no damage. The bat closely misses you.
The bat hits you but does no damage. The goblin hits you but does no damage.
The bat barely misses you. The bat hits you.
* * * LOW HITPOINT WARNING * * *
There is a stone staircase leading down here.
The bat hits you.
* * * LOW HITPOINT WARNING * * *
The bat hits you.
You die...

......$.......##.#####
............).#......#
.........)....#......###########
.................!...##.........
..............#......##.........
.............##......gK.........
#...........##....gg.##.........
.#####..###.##.br....##.........
..## #g##.@g....##.........
..####..#.########.........
.g.........K.........g......
.............>..............
##.###.................K.... #
#####.g........###.###.
###.##...#..##)# #.
#†##.####:##.#...
##.#..####$......#


You could see a gnoll, a hobgoblin, 2 goblins, a bat, a kobold and a rat.

Vanquished Creatures
  An endoplasm (D:1)
  2 goblins
  A ball python (D:1)
  2 bats (D:1)
  A rat (D:1)
7 creatures vanquished.

Notes
Turn   | Place    | Note
-------+----------+-------------------------------------------
     0 | D:5      | flotson the Demonspawn Delver began the quest for the Orb.
     0 | D:5      | Reached XP level 1. HP: 18/18 MP: 1/1
   243 | D:1      | Slain by a bat

Illustrated notes

Levels and vault maps discovered:
D:1:      eino_arrival_water_cross, layout_rooms, minmay_tromino_v2
D:2:      layout_basic, basic_altar, chequers_ecumenical_altar_simple
D:3:      cheibrodos_fertilizer, layout_basic, nicolae_underground_beach
D:4:      layout_loops_corners, mainiacjoe_overflow_chevrons,
          nicolae_ossuary_entry_monument, grunt_decor_clamped
D:5:      layout_cave_pools, serial_shops, nicolae_stop_n_shop_2,
          hangedman_minor_gate_pass, uniq_pikel

Skill      XL: |  1 |
---------------+----+-----
Dodging        | 2 |  2.0
Fighting       | |  3.1
Axes           | |  1.7
Armour         | |  0.6
Stealth        | |  4.5

Action                   || total
-------------------------++-------
Melee: Hand axe          ||    18
Evoke: Wand              ||     1
  Use: Scroll            ||     2
       Potion            ||     2
Armor: Leather armour    ||    19
Dodge: Dodged            ||    31

Table legend: (Time is in decaauts)
 A = Elapsed time spent in this place.
 B = Non-inter-level travel time spent in this place.
 C = Inter-level travel time spent in this place.
 D = Time resting spent in this place.
 E = Time spent auto-exploring this place.
 F = Levels seen in this place.
 G = Mean time per level.
                   A        B        C        D        E       F      G
               +--------+--------+--------+--------+--------+-----+--------+
         Total |    228 |    219 |      9 |     21 |     51 |   5 |   45.6 |
       Dungeon |    228 |    219 |      9 |     21 |     51 |   5 |   45.6 |
               +--------+--------+--------+--------+--------+-----+--------+

Top non-repeatable levels by time:
     D:1: 112 daAuts
     D:2: 54 daAuts
     D:3: 22 daAuts
     D:5: 21 daAuts
     D:4: 17 daAuts
